 Dungeon Crawl Stone Soup version 0.27-a0-1532-gca18f49f40 (webtiles) character file.

Game seed: 10364503097110543048

383 mandarbmax the Ruffian (level 6, -2/48 HPs)
             Began as a Draconian Transmuter on July 13, 2021.
             Was an Initiate of Gozag.
             Slain by an ice beast (14 damage)
             ... on level 4 of the Dungeon.
             The game lasted 00:06:36 (3764 turns).

mandarbmax the Ruffian (Draconian Transmuter)       Turns: 3764, Time: 00:06:38

Health: -2/48      AC:  7    Str: 12    XL:     6   Next: 47%
Magic:  7/9        EV: 12    Int: 16    God:    Gozag
Gold:   74         SH:  0    Dex: 11    Spells: 3/9 levels left

rFire    . . .     SeeInvis .     - Unarmed
rCold    . . .     Faith    .   (no shield)
rNeg     . . .     Spirit   .   (armour unavailable)
rPois    .         Reflect  .   (helmet currently unavailable)
rElec    .         Harm     .   (no cloak)
rCorr    .         Rampage  .   i - +0 pair of gloves
Will     .....                  (boots currently unavailable)
Stlth    +.........             o - amulet of the acrobat
HPRegen  0.16/turn              (no ring)
MPRegen  0.11/turn              (no ring)

@: appendages, wereblooded (expiring), slowed, very slow
A: horns 2, talons 2, AC +6, unfitting armour, cold-blooded
a: End Transformation, Renounce Religion, Potion Petition, Call Merchant, Bribe
Branch


You were on level 4 of the Dungeon.
You worshipped Gozag.
Gozag was noncommittal.
You had temporarily grown beastly horns and talons.
You visited 1 branch of the dungeon, and saw 4 of its levels.

You collected 407 gold pieces.
You spent 333 gold pieces at shops.

Inventory:

Missiles
 e - 8 boomerangs
 k - 21 poisoned darts
Armour
 i - a +0 pair of gloves (worn)
Jewellery
 o - an amulet of the acrobat (around neck)
Scrolls
 a - a scroll of summoning {unknown}
 f - 2 scrolls of teleportation
 g - a scroll of brand weapon {unknown}
 h - a scroll of amnesia {unknown}
 m - a scroll of fog {unknown}
 n - a scroll of blinking {unknown}
 q - a scroll of silence {unknown}
Potions
 c - 2 potions of attraction {unknown}
 d - a potion of lignification
 l - a potion of brilliance
 p - a potion of mutation
 r - 2 potions of berserk rage {unknown}
 s - a potion of curing {unknown}


   Skills:
 + Level 2.2 Fighting
 + Level 2.2 Dodging
 - Level 6.0 Unarmed Combat
 - Level 2.0 Spellcasting
 - Level 4.0 Transmutations


You had 3 spell levels left.
You knew the following spells:

 Your Spells              Type           Power      Damage    Failure   Level
a - Beastly Appendage     Tmut           28%        N/A       4%          1
b - Wereblood             Tmut           14%        N/A       6%          2
c - Spider Form           Tmut/Pois      4%         N/A       26%         3

Your spell library contained the following spells:

 Spells                   Type           Power      Damage    Failure   Level
 Ice Form                 Ice/Tmut       8%         N/A       65%         4


Dungeon Overview and Level Annotations

Branches:
Dungeon (4/15)
 Temple: D:4-7

Altars:
Gozag
Makhleb
Trog
Uskayaw
The Shining One

Shops:
D:3 *


Innate Abilities, Weirdness & Mutations

You have temporarily grown beastly horns and talons.
Your plain brown scales are hard. (AC +6)
You cannot fit into any form of body armour.
You are cold-blooded and may be slowed by cold attacks.


Message History

Unknown command.
You barely miss the ice beast.
The ice beast is moderately wounded.
The ice beast hits you but does no damage.
You hit the ice beast but do no damage.
The ice beast is moderately wounded.
The ice beast hits you but does no damage.
You hit the ice beast.
You punch the ice beast, but do no damage.
The ice beast is moderately wounded.
The ice beast hits you but does no damage.
You closely miss the ice beast.
The ice beast is moderately wounded.
You howl as the wereblood boils in your veins!
The ice beast closely misses you.
You grow a pair of large bovine horns.
Your feet morph into talons.
Your primal bloodlust is almost over.
The ice beast hits you but does no damage.
You barely miss the ice beast. Your headbutt misses the ice beast.
You tail-slap the ice beast.
The ice beast is heavily wounded.
You howl as the wereblood boils in your veins!
The ice beast hits you. The ice beast freezes you.
You feel yourself slow down.
You hit the ice beast. Your kick misses the ice beast.
Your punch misses the ice beast.
The ice beast is heavily wounded.
The ice beast closely misses you.
You barely miss the ice beast.
The ice beast is heavily wounded.
You feel yourself speed up. The ice beast hits you. The ice beast freezes you!
You feel yourself slow down.
* * * LOW HITPOINT WARNING * * *
You hit the ice beast. Your punch misses the ice beast.
The ice beast is severely wounded.
The ice beast barely misses you. The ice beast hits you.
* * * LOW HITPOINT WARNING * * *
The ice beast freezes you!
You feel as though you will be slow longer.
You die...
Your body crumbles into a pile of gold.

#...........##....###.......#
#...........#.......#.......#
#...........+.......#.......#
####...........#######.#.......#
...............#.....######....#
....#######+##.#.#.#.+ ...#...##
....#........#.#..#..# ##.#...#
....'........ .#Y#.#.#J##.#...#
....#.....>.. #@....#gJ #...#
####......... ##'###### ##...#
#...########......# #....###
##'###.....#.#..#.# ####....
#....#.....#..##..# #....
#....#.....#..##..# #....
#####.###.....#.#..#.#.. ##....
.#..#.#.....###......#..####.....
.'....'.....'.#.#########..#.....


You could see an ice beast.

Vanquished Creatures
  Grinder (D:3)
  A scorpion (D:4)
  Terence (D:2)
  5 adders
  A white imp (D:3)
  2 dart slugs
  An orc (D:3)
  4 ball pythons
  3 bats
  6 endoplasms
  A giant cockroach (D:3)
  3 goblins
  3 hobgoblins
  2 frilled lizards
  A goblin skeleton (D:3)
  2 goblin zombies (D:3)
  3 hobgoblin zombies (D:3)
  8 kobolds
  3 kobold skeletons (D:3)
  A kobold zombie (D:3)
  2 orc zombies (D:3)
  11 rats
65 creatures vanquished.

Notes
Turn   | Place    | Note
-------+----------+-------------------------------------------
     0 | D:1      | mandarbmax the Draconian Transmuter began the quest for the
                  | Orb.
     0 | D:1      | Reached XP level 1. HP: 16/16 MP: 3/3
   246 | D:1      | Reached XP level 2. HP: 23/23 MP: 3/5
   249 | D:1      | Learned a level 2 spell: Wereblood
   267 | D:1      | Found a faded altar of an unknown god.
   276 | D:1      | Became a worshipper of Gozag Ym Sagoz the Greedy
  1071 | D:2      | Reached skill level 4 in Unarmed Combat
  1071 | D:2      | Reached XP level 3. HP: 24/28 MP: 2/6
  1075 | D:2      | Learned a level 3 spell: Spider Form
  1531 | D:2      | Noticed Terence
  1540 | D:2      | Killed Terence
  2133 | D:3      | Reached XP level 4. HP: 33/35 MP: 1/7
  2493 | D:3      | Found a glowing golden altar of the Shining One.
  2612 | D:3      | Found a hide-covered altar of Uskayaw.
  2618 | D:3      | Found a bloodstained altar of Trog.
  2880 | D:3      | Noticed Grinder
  2882 | D:3      | Paralysed by Grinder for 7 turns
  2902 | D:3      | Killed Grinder
  2903 | D:3      | Reached skill level 5 in Unarmed Combat
  2903 | D:3      | Reached XP level 5. HP: 13/41 MP: 8/8
  2903 | D:3      | Reached XP level 6. HP: 16/48 MP: 9/9
  3302 | D:3      | Found Igeac's Assorted Antiques.
  3382 | D:3      | Found an opulent altar of Gozag.
  3455 | D:3      | Bought a tiny citrine amulet for 145 gold pieces
  3455 | D:3      | Bought a dark potion for 26 gold pieces
  3455 | D:3      | Bought a murky red potion for 26 gold pieces
  3455 | D:3      | Bought a scroll labelled UKLAAR ISSY for 29 gold pieces
  3455 | D:3      | Bought a scroll labelled YVAOX MI LEBBECO for 29 gold
                  | pieces
  3455 | D:3      | Bought 2 bubbling dark potions for 52 gold pieces
  3455 | D:3      | Bought a blue potion for 26 gold pieces
  3473 | D:4      | Found a burning altar of Makhleb.
  3539 | D:4      | Reached skill level 6 in Unarmed Combat
  3740 | D:4      | Noticed an ice beast
  3764 | D:4      | Slain by an ice beast

Illustrated notes

Levels and vault maps discovered:
D:1:      nicolae_arrival_memento_mori, layout_loops_ring,
          chequers_ecumenical_altar_simple, minmay_misc_feat_nine_boxes
D:2:      layout_basic, chequers_serial_rivers_micro_c,
          amcnicky_mini_corridor_feature, uniq_terence
D:3:      layout_rooms, marbit_many_paths, nicolae_tso_besieged_by_evil,
          mainiacjoe_overflow_catwalk_spiral, serial_rivers,
          chequers_serial_rivers_micro_a, chequers_serial_rivers_small_a,
          chequers_serial_rivers_micro_d, chequers_serial_rivers_small_b,
          chequers_serial_rivers_small_3, serial_shops, shop, uniq_grinder
D:4:      minmay_clustersquares, layout_gridville, kennysheep_mini_moat,
          overflow_temple_1_default, minmay_temple_entry_glassed_door

Skill      XL: |  1  2  3  4  5  6 |
---------------+-------------------+-----
Dodging        | 2 |  2.2
Unarmed Combat | 4 5 6 |  6.0
Transmutations | 3 4 |  4.0
Fighting       | 2 |  2.2
Spellcasting   | |  2.0

Action                   |  1- 3 |  4- 6 || total
-------------------------+-------+-------++-------
Melee: Unarmed           |    71 |   112 ||   183
       Headbutt          |     5 |     6 ||    11
       Kick              |    14 |    15 ||    29
       Tailslap          |     6 |     8 ||    14
       Punch             |     2 |     3 ||     5
 Cast: Beastly Appendage |    21 |    19 ||    40
       Wereblood         |    12 |    12 ||    24
       Spider Form       |     1 |     1 ||     2
  Use: Potion            |       |     2 ||     2
       Scroll            |       |     4 ||     4
 Stab: Sleeping          |     1 |       ||     1
Armor: Skin              |    14 |    34 ||    48
Dodge: Dodged            |    41 |    52 ||    93

Table legend: (Time is in decaauts)
 A = Elapsed time spent in this place.
 B = Non-inter-level travel time spent in this place.
 C = Inter-level travel time spent in this place.
 D = Time resting spent in this place.
 E = Time spent auto-exploring this place.
 F = Levels seen in this place.
 G = Mean time per level.
                   A        B        C        D        E       F      G
               +--------+--------+--------+--------+--------+-----+--------+
         Total |   3741 |   3683 |     58 |    722 |   2471 |   4 |  935.2 |
       Dungeon |   3741 |   3683 |     58 |    722 |   2471 |   4 |  935.2 |
               +--------+--------+--------+--------+--------+-----+--------+

Top non-repeatable levels by time:
     D:3: 1335 daAuts
     D:2: 1135 daAuts
     D:1: 984 daAuts
     D:4: 286 daAuts
